NWL (28 & UNDER)
BALZAC RAMS @ MENLO MANIACS
06/22/2026
 
TOP OF THE 1ST
Balzac Rams batting - Pitching for Menlo Maniacs : RHP Jeff Davis
Pitching: RHP Jeff Davis
Batting: RHB Ron Glass 0-0: Called Strike
0-1: Ball
1-1: Fly out, F7 (Flyball, 7D)
Batting: RHB Shaun Puckett 0-0: Ball
1-0: SINGLE (Line Drive, 4D)
Batting: RHB Paul Spencer 0-0: Ball
1-0: Ball
2-0: Grounds into double play, U4-3 (Groundball, 4)
Top of the 1st over - 0 run(s), 1 hit(s), 0 error(s), 0 left on base; Balzac 0 - Menlo 0
BOTTOM OF THE 1ST
Menlo Maniacs batting - Pitching for Balzac Rams : LHP José Gallegos
Pitching: LHP José Gallegos
Batting: LHB Keith Green 0-0: Called Strike
0-1: Ball
1-1: Called Strike
1-2: Foul Ball, location: 2F
1-2: Ground out 5-3 (Groundball, 56)
Batting: RHB Steve Sampson 0-0: Called Strike
0-1: Ball
1-1: Swinging Strike
1-2: Ball
2-2: Foul Ball, location: 2F
2-2: Ball
3-2: Base on Balls
Batting: LHB Marcos Pérez 0-0: Swinging Strike
0-1: Ball
1-1: Foul Ball, location: 2F
1-2: Ball
2-2: Strikes out swinging
Batting: RHB Daryl Floyd 0-0: Swinging Strike
0-1: Ball
Wild Pitch!
Steve Sampson to second
1-1: Called Strike
1-2: Foul Ball, location: 2F
1-2: Fly out, F8 (Flyball, 8LD)
Bottom of the 1st over - 0 run(s), 0 hit(s), 0 error(s), 1 left on base; Balzac 0 - Menlo 0
TOP OF THE 2ND
Balzac Rams batting - Pitching for Menlo Maniacs : RHP Jeff Davis
Batting: LHB John Horton 0-0: Ball
1-0: Ball
2-0: Called Strike
2-1: Ball
3-1: Foul Ball, location: 2F
3-2: Strikes out swinging
Batting: RHB Jeremy Flemming 0-0: SOLO HOME RUN (Flyball, 78XD), Distance : 392 ft
Batting: SHB Reynaldo Gallegos 0-0: Called Strike
0-1: Ground out 4-3 (Groundball, 4)
Batting: RHB Luis Suárez 0-0: Ball
1-0: Foul Ball, location: 2F
1-1: Ground out 6-3 (Groundball, 6MS)
Top of the 2nd over - 1 run(s), 1 hit(s), 0 error(s), 0 left on base; Balzac 1 - Menlo 0
BOTTOM OF THE 2ND
Menlo Maniacs batting - Pitching for Balzac Rams : LHP José Gallegos
Batting: RHB Júlio Trinidad 0-0: Ball
1-0: Foul Ball, location: 2F
1-1: Ball
2-1: Ground out 6-3 (Groundball, 6)
Batting: RHB Philip Burke 0-0: Called Strike
0-1: Ball
1-1: Foul Ball, location: 2F
1-2: Foul Ball, location: 2F
1-2: Ball
2-2: DOUBLE (Line Drive, 78XD)
Batting: LHB Paul Alexander 0-0: Called Strike
0-1: Called Strike
0-2: Strikes out swinging
Batting: RHB Jesús Cuevas 0-0: Called Strike
0-1: SINGLE (Line Drive, 9S)
Philip Burke to third
Runner from 3rd tries for Home, SAFE, no throw or cutoff
Batting: RHB Gilberto León 0-0: Foul Ball, location: 2F
0-1: Ball
1-1: Ball
2-1: Called Strike
2-2: Strikes out swinging
Bottom of the 2nd over - 1 run(s), 2 hit(s), 0 error(s), 1 left on base; Balzac 1 - Menlo 1
TOP OF THE 3RD
Balzac Rams batting - Pitching for Menlo Maniacs : RHP Jeff Davis
Batting: RHB Enrico Ramos 0-0: Ball
1-0: Ball
2-0: Called Strike
2-1: Ball
3-1: SINGLE (Groundball, 13) (infield hit)
Batting: RHB Octávio Aldeguer 0-0: Ball
1-0: Called Strike
1-1: Swinging Strike
1-2: Ball
2-2: Ball
3-2: Strikes out looking
Batting: RHB Ron Glass 0-0: Called Strike
Enrico Ramos steals 2nd base
0-1: Ball
1-1: Foul Ball, location: 2F
1-2: Ball
2-2: Ball
3-2: Reached on error, E1 (Groundball, 13)
Enrico Ramos to third
Batting: RHB Shaun Puckett 0-0: Ball
1-0: Called Strike
1-1: Ball
2-1: Ball
3-1: Fly out, F8 (Flyball, 8LXD)
Runner from 3rd tags up, SCORES, no throw
Batting: RHB Paul Spencer 0-0: Ball
Ron Glass steals 2nd base
1-0: Called Strike
Ron Glass steals 3rd base
1-1: DOUBLE (Line Drive, 7LS)
Ron Glass scores
Batting: LHB John Horton 0-0: Ball
1-0: Foul Ball, location: 2F
1-1: Ground out 4-3 (Groundball, 4)
Top of the 3rd over - 2 run(s), 2 hit(s), 1 error(s), 1 left on base; Balzac 3 - Menlo 1
BOTTOM OF THE 3RD
Menlo Maniacs batting - Pitching for Balzac Rams : LHP José Gallegos
Batting: LHB Keith Green 0-0: Ground out 6-3 (Groundball, 6S)
Batting: RHB Steve Sampson 0-0: Called Strike
0-1: Ball
1-1: Called Strike
1-2: Ball
2-2: Ball
3-2: Base on Balls
Batting: LHB Marcos Pérez 0-0: Ball
1-0: Called Strike
1-1: Foul Ball, location: 2F
1-2: Ball
2-2: Fly out, F6 (Popup, 6)
Batting: RHB Daryl Floyd 0-0: Called Strike
0-1: Ball
1-1: Foul Ball, location: 2F
1-2: Ball
2-2: Strikes out swinging
Bottom of the 3rd over - 0 run(s), 0 hit(s), 0 error(s), 1 left on base; Balzac 3 - Menlo 1
TOP OF THE 4TH
Balzac Rams batting - Pitching for Menlo Maniacs : RHP Jeff Davis
Batting: RHB Jeremy Flemming 0-0: Ball
1-0: Called Strike
1-1: Foul Ball, location: 2F
1-2: Reached on Error, E4 (Popup, 4)
Batting: SHB Reynaldo Gallegos 0-0: Swinging Strike
0-1: Ball
Jeremy Flemming steals 2nd base
1-1: Foul Ball, location: 2F
1-2: Ball
2-2: Strikes out swinging
Batting: RHB Luis Suárez 0-0: Foul Ball, location: 2F
0-1: Called Strike
0-2: Ball
1-2: SINGLE (Groundball, 56D)
Jeremy Flemming to third
Batting: RHB Enrico Ramos 0-0: Called Strike
0-1: SINGLE (Groundball, 6MD)
Jeremy Flemming scores
Luis Suárez to second
Batting: RHB Octávio Aldeguer 0-0: Called Strike
0-1: Ball
1-1: Ball
2-1: Ball
3-1: Swinging Strike
3-2: Foul Ball, location: 2F
3-2: Base on Balls
Luis Suárez to third
Enrico Ramos to second
Batting: RHB Ron Glass 0-0: Ball
1-0: Ball
2-0: Foul Ball, location: 2F
2-1: Ball
3-1: Fly out, F8 (Flyball, 8LD)
Runner from 3rd tags up, SCORES, no throw
Batting: RHB Shaun Puckett 0-0: Ball
Wild Pitch!
Enrico Ramos to third
Octávio Aldeguer to second
1-0: Ball
2-0: Fly out, F3 (Popup, 3SF)
Top of the 4th over - 2 run(s), 2 hit(s), 1 error(s), 2 left on base; Balzac 5 - Menlo 1
BOTTOM OF THE 4TH
Menlo Maniacs batting - Pitching for Balzac Rams : LHP José Gallegos
Batting: RHB Júlio Trinidad 0-0: Ground out 4-3 (Groundball, 4M)
Batting: RHB Philip Burke 0-0: Ball
1-0: Ball
2-0: Ball
3-0: Base on Balls
Batting: LHB Paul Alexander 0-0: Ball
1-0: Ball
2-0: Called Strike
2-1: Called Strike
2-2: Foul Ball, location: 2F
2-2: Foul Ball, location: 2F
2-2: Ball
3-2: Grounds into double play, U4-3 (Groundball, 4M)
Bottom of the 4th over - 0 run(s), 0 hit(s), 0 error(s), 0 left on base; Balzac 5 - Menlo 1
TOP OF THE 5TH
Balzac Rams batting - Pitching for Menlo Maniacs : RHP Jeff Davis
Batting: RHB Paul Spencer 0-0: Called Strike
0-1: Foul Ball, location: 2F
0-2: Fly out, F8 (Line Drive, 8LD)
Batting: LHB John Horton 0-0: Fly out, F8 (Flyball, 8LS)
Batting: RHB Jeremy Flemming 0-0: Called Strike
0-1: Ball
1-1: Fly out, F8 (Flyball, 8LXD)
Top of the 5th over - 0 run(s), 0 hit(s), 0 error(s), 0 left on base; Balzac 5 - Menlo 1
BOTTOM OF THE 5TH
Menlo Maniacs batting - Pitching for Balzac Rams : LHP José Gallegos
Batting: RHB Jesús Cuevas 0-0: Called Strike
0-1: Foul Ball, location: 2F
0-2: Fly out, F4 (Popup, 4)
Batting: RHB Gilberto León 0-0: Fly out, F8 (Flyball, 8RM)
Batting: LHB Keith Green 0-0: Ball
1-0: Ball
2-0: Ball
3-0: Base on Balls
Batting: RHB Steve Sampson 0-0: Called Strike
0-1: Ball
1-1: Ball
2-1: Foul Ball, location: 2F
2-2: Foul Ball, location: 2F
2-2: Ground out 6-3 (Groundball, 6)
Bottom of the 5th over - 0 run(s), 0 hit(s), 0 error(s), 1 left on base; Balzac 5 - Menlo 1
TOP OF THE 6TH
Balzac Rams batting - Pitching for Menlo Maniacs : RHP Jeff Davis
Pitching: LHP José Acosta
Batting: SHB Reynaldo Gallegos 0-0: Ball
1-0: DOUBLE (Flyball, 78XD)
Batting: RHB Luis Suárez 0-0: Called Strike
0-1: Ball
1-1: Ball
2-1: Called Strike
2-2: Strikes out looking
Batting: RHB Enrico Ramos 0-0: Foul Ball, location: 2F
0-1: Ball
1-1: Ball
2-1: Ball
3-1: SINGLE (Line Drive, 7S)
Reynaldo Gallegos to third
Batting: RHB Octávio Aldeguer 0-0: Ball
1-0: Called Strike
1-1: DOUBLE (Line Drive, 89M)
Reynaldo Gallegos scores
Enrico Ramos to third
Batting: RHB Ron Glass 0-0: Ball
1-0: Ball
2-0: Ball
3-0: Called Strike
3-1: Foul Ball, location: 2F
3-2: Strikes out swinging
Batting: RHB Shaun Puckett 0-0: Swinging Strike
0-1: Foul Ball, location: 2F
0-2: Foul Ball, location: 2F
0-2: Ball
1-2: Foul Ball, location: 2F
1-2: Foul Ball, location: 2F
1-2: SINGLE (Line Drive, 5D)
Enrico Ramos scores
Octávio Aldeguer to third
Runner from 3rd tries for Home, SAFE, no throw or cutoff
Pitching: RHP Domingo Franco
Batting: RHB Paul Spencer 0-0: Ball
1-0: SINGLE (Flyball, 8RS)
Shaun Puckett to second
Batting: LHB John Horton 0-0: Ball
1-0: DOUBLE (Groundball, 5L)
Shaun Puckett scores
Paul Spencer to third
Batting: RHB Jeremy Flemming 0-0: Ball
1-0: Ball
2-0: Ball
3-0: Called Strike
3-1: Base on Balls
Batting: SHB Reynaldo Gallegos 0-0: Ball
1-0: Fly out, F7 (Line Drive, 7M)
Top of the 6th over - 4 run(s), 6 hit(s), 0 error(s), 3 left on base; Balzac 9 - Menlo 1
BOTTOM OF THE 6TH
Menlo Maniacs batting - Pitching for Balzac Rams : LHP José Gallegos
Batting: LHB Marcos Pérez 0-0: Ball
1-0: Ball
2-0: Called Strike
2-1: Swinging Strike
2-2: Ball
3-2: Base on Balls
Batting: RHB Daryl Floyd 0-0: Called Strike
0-1: Foul Ball, location: 2F
0-2: Foul Ball, location: 2F
0-2: Ball
1-2: Foul Ball, location: 2F
1-2: Ball
2-2: Foul Ball, location: 2F
2-2: Strikes out swinging
Pitching: RHP Steve Deal
Batting: RHB Júlio Trinidad 0-0: Swinging Strike
0-1: Foul Ball, location: 2F
0-2: Strikes out looking
Batting: RHB Philip Burke 0-0: Fly out, F8 (Flyball, 8RM)
Bottom of the 6th over - 0 run(s), 0 hit(s), 0 error(s), 1 left on base; Balzac 9 - Menlo 1
TOP OF THE 7TH
Balzac Rams batting - Pitching for Menlo Maniacs : RHP Domingo Franco
Batting: RHB Luis Suárez 0-0: Swinging Strike
0-1: Ground out 4-3 (Groundball, 34)
Batting: RHB Enrico Ramos 0-0: Ball
1-0: Called Strike
1-1: Called Strike
1-2: Foul Ball, location: 2F
1-2: Strikes out swinging
Batting: RHB Octávio Aldeguer 0-0: Ball
1-0: Called Strike
1-1: SINGLE (Groundball, 4M)
Batting: RHB Ron Glass 0-0: Ball
1-0: Called Strike
1-1: Ground out 5-3 (Groundball, 5L)
Top of the 7th over - 0 run(s), 1 hit(s), 0 error(s), 1 left on base; Balzac 9 - Menlo 1
BOTTOM OF THE 7TH
Menlo Maniacs batting - Pitching for Balzac Rams : RHP Steve Deal
Batting: LHB Paul Alexander 0-0: Swinging Strike
0-1: Swinging Strike
0-2: Ball
1-2: Strikes out swinging
Batting: RHB Jesús Cuevas 0-0: Called Strike
0-1: Ball
1-1: Swinging Strike
1-2: Ball
2-2: Ball
3-2: Strikes out swinging
Batting: RHB Gilberto León 0-0: Foul Ball, location: 2F
0-1: Ball
1-1: Swinging Strike
1-2: Strikes out swinging
Bottom of the 7th over - 0 run(s), 0 hit(s), 0 error(s), 0 left on base; Balzac 9 - Menlo 1
TOP OF THE 8TH
Balzac Rams batting - Pitching for Menlo Maniacs : RHP Domingo Franco
Batting: RHB Shaun Puckett 0-0: Called Strike
0-1: Foul Ball, location: 2F
0-2: Ball
1-2: Foul Ball, location: 2F
1-2: Ball
2-2: Ball
3-2: Foul Ball, location: 2F
3-2: Base on Balls
Batting: RHB Paul Spencer 0-0: Ball
1-0: Called Strike
1-1: Foul Ball, location: 2F
1-2: DOUBLE (Groundball, 5D)
Shaun Puckett to third
Batting: LHB John Horton 0-0: Fly out, F8 (Flyball, 8RS)
Batting: RHB Jeremy Flemming 0-0: Fly out, F8 (Flyball, 89M)
Runner from 3rd tags up, SCORES, no throw
Batting: SHB Reynaldo Gallegos 0-0: Ball
1-0: Ball
2-0: Ball
3-0: Called Strike
3-1: Fly out, F9 (Line Drive, 9D)
Top of the 8th over - 1 run(s), 1 hit(s), 0 error(s), 1 left on base; Balzac 10 - Menlo 1
BOTTOM OF THE 8TH
Menlo Maniacs batting - Pitching for Balzac Rams : RHP Steve Deal
Now at 1B: Carlos Barrios
Batting: LHB Keith Green 0-0: Ball
1-0: Foul Ball, location: 2F
1-1: Ball
2-1: Ball
3-1: Foul Ball, location: 2F
3-2: Reached on error, E6 (Groundball, 6M)
Batting: RHB Steve Sampson 0-0: Called Strike
0-1: Swinging Strike
0-2: Ball
1-2: Strikes out swinging
Pitching: RHP José Cota
Batting: LHB Marcos Pérez 0-0: Ball
1-0: Foul Ball, location: 2F
1-1: Ball
2-1: SINGLE (Groundball, 4MD)
Keith Green to third
Runner from 3rd tries for Home, SAFE, no throw or cutoff
Batting: RHB Daryl Floyd 0-0: Called Strike
0-1: Swinging Strike
0-2: Strikes out swinging
Batting: RHB Júlio Trinidad 0-0: Ball
1-0: Ball
2-0: Swinging Strike
2-1: Ground out 4-3 (Groundball, 4)
Bottom of the 8th over - 1 run(s), 1 hit(s), 1 error(s), 1 left on base; Balzac 10 - Menlo 2
TOP OF THE 9TH
Balzac Rams batting - Pitching for Menlo Maniacs : RHP Domingo Franco
Batting: RHB Luis Suárez 0-0: Called Strike
0-1: Swinging Strike
0-2: Strikes out swinging
Batting: RHB Enrico Ramos 0-0: Ground out 6-3 (Groundball, 6M)
Batting: RHB Octávio Aldeguer 0-0: Ball
1-0: Ball
2-0: Swinging Strike
2-1: Swinging Strike
2-2: Strikes out swinging
Top of the 9th over - 0 run(s), 0 hit(s), 0 error(s), 0 left on base; Balzac 10 - Menlo 2
BOTTOM OF THE 9TH
Menlo Maniacs batting - Pitching for Balzac Rams : RHP José Cota
Now at 3B: Jeff Stevenson
Pinch Hitting: RHB Bob Campbell 0-0: Ball
1-0: Called Strike
1-1: Called Strike
1-2: Foul Ball, location: 2F
1-2: Ball
2-2: Ball
3-2: Foul Ball, location: 2F
3-2: Strikes out looking
Batting: LHB Paul Alexander 0-0: Called Strike
0-1: Ground out 1-3 (Groundball, 13)
Batting: RHB Jesús Cuevas 0-0: Ball
1-0: Called Strike
1-1: Swinging Strike
1-2: Ball
2-2: Strikes out swinging
Bottom of the 9th over - 0 run(s), 0 hit(s), 0 error(s), 0 left on base; Balzac 10 - Menlo 2
Monday, December 5th, 2016 - OOTP Baseball 17.12 Build 75